 Dungeon Crawl Stone Soup version 0.17-a0-1570-g74b7129 (webtiles) character file.

8074 urechis the Grappler (level 11, 0/113 HPs)
             Began as a Troll Monk on July 23, 2015.
             Slain by an orc warrior
             ... wielding a cursed -3 glaive
              (9 damage)
             ... in a bailey.
             The game lasted 00:20:45 (8920 turns).

urechis the Grappler (Troll Monk)                   Turns: 8920, Time: 00:20:45

Health: 0/113      AC:  6    Str: 24    XL:     11   Next: 5%
Magic:  10/10      EV: 10    Int:  6    God:
Gold:   552        SH:  0    Dex: 12    Spells: 0 memorised, 10 levels left

rFire  . . .     SeeInvis .       - Unarmed
rCold  . . .     Clarity  .     E - +1 animal skin
rNeg   . . .     SustAt   .     (no shield)
rPois  .         Gourm    +     (helmet restricted)
rElec  .         Spirit   .     (no cloak)
rCorr  .         Warding  .     (gloves unavailable)
rMut   .         Stasis   .     (boots unavailable)
MR     .....                    (no amulet)
Stlth  +.........               (no ring)
                                (no ring)

@: not resistant to hostile enchantments, very unstealthy
A: unfitting armour, claws 3, fast metabolism 3, gourmand, regeneration 2,
shaggy fur 1, tough skin 2
a: no special abilities


You were in a bailey.
You were very full.

You visited 2 branches of the dungeon, and saw 10 of its levels.
You also visited: Ossuary and Bailey.

You collected 552 gold pieces.

Inventory:

Hand weapons
 a - a +0 arbalest
 k - a +0 blowgun
Missiles
 s - 28 poisoned needles
 t - 8 tomahawks of returning (quivered)
 O - 9 tomahawks
 P - 196 bolts
Armour
 E - a +1 animal skin (worn)
Jewellery
 D - an uncursed ring of protection from cold
 K - a +3 ring of intelligence
Magical devices
 G - a wand of lightning (5)
 N - a wand of cold (7)
Scrolls
 d - 6 scrolls of teleportation {unknown}
 g - 3 scrolls of fear {unknown}
 i - 12 scrolls of identify {unknown}
 j - a scroll of fog {unknown}
 m - 5 scrolls of remove curse {unknown}
 o - a scroll of immolation {unknown}
 r - a scroll of random uselessness {unknown}
 u - 8 scrolls of noise {unknown}
 x - a scroll of enchant armour {unknown}
 y - 4 scrolls of blinking {unknown}
 H - a scroll of enchant weapon {unknown}
 L - a scroll of recharging {unknown}
Potions
 c - 5 potions of degeneration {unknown}
 e - 3 potions of heal wounds {unknown}
 l - a potion of flight {unknown}
 n - 7 potions of curing {unknown}
 p - a potion of ambrosia {unknown}
 q - a potion of agility
 v - 2 potions of mutation {unknown}
 w - 4 potions of lignification {unknown}
 z - a potion of might
 A - 3 potions of poison {unknown}
 B - a potion of cancellation {unknown}
Books
 C - a book of Dreams

   Spells                             Type                      Level
   a - Ensorcelled Hibernation        Hexes/Ice                    2
   b - Phase Shift                    Translocation                5
   c - Shadow Creatures               Summoning                    5
   d - Silence                        Hexes/Air                    5
   e - Mass Confusion                 Hexes                        6
   f - Darkness                       Hexes                        7
 M - a book of the Warp

   Spells                             Type                      Level
   a - Recall                         Summoning/Translocation      3
   b - Gell's Gravitas                Hexes/Translocation          3
   c - Force Lance                    Conjuration/Translocation    4
   d - Phase Shift                    Translocation                5
   e - Warp Weapon                    Charms/Translocation         5
   f - Summon Forest                  Summoning/Translocation      5
Comestibles
 b - 6 bread rations
 f - 11 fruits
 h - 5 beef jerkies
 F - 2 slices of pizza
 I - 9 royal jellies
 J - a meat ration


   Skills:
 + Level 8.9 Fighting
 - Level 2.4 Dodging
 - Level 1.1 Stealth
 * Level 13.8 Unarmed Combat


You had 10 spell levels left.
You didn't know any spells.

Dungeon Overview and Level Annotations

Branches:
Dungeon (9/15)             Temple (1/1) D:5             Orc (0/4) D:9
   Lair: D:8-11

Altars:
Ashenzari
Cheibriados
Dithmenos
Elyvilon
Fedhas
Kikubaaqudgha
Makhleb
Okawaru
Qazlal
Ru
Sif Muna
Trog
Vehumet
Xom
Yredelemnul
Zin


Innate Abilities, Weirdness & Mutations

You are too large for most types of armour.
You have claws for hands.
Your metabolism is lightning-fast.
You like to eat raw meat.
You heal very quickly.
You are covered in fur (AC +1).
You have very tough skin (AC +2).


Message History

Your claw misses the orc warrior.
The orc warrior is severely wounded.
You barely miss the orc warrior.
The orc warrior is severely wounded.
The orc warrior hits you with an enchanted glaive!!
* * * LOW HITPOINT WARNING * * *
You closely miss the orc warrior.
The orc warrior is severely wounded.
The orc warrior hits you with an enchanted glaive.
* * * LOW HITPOINT WARNING * * *
Drink which item? (? for menu, Esc to quit)
Okay, then.
You claw the orc warrior!
You kill the orc warrior!
You hear a splash. x2
You barely miss the orc warrior.
Things that are here:
a spear; a crystal plate armour; an orc skeleton The orc warrior hits you with an enchanted glaive!
You die...

#......≈..^..≈≈≈≈≈≈≈≈≈≈≈≈≈≈≈≈≈..^
#......≈##.##≈≈≈≈≈)≈≈≈≈≈≈≈≈≈≈≈##.
#......≈≈#.#≈≈≈≈≈≈≈≈###≈≈≈≈≈≈≈≈#.
#......≈≈≈≈≈≈≈≈≈≈#########≈≈≈≈≈≈≈
#......≈≈≈≈≈≈≈≈≈##≈≈≈≈≈≈≈##≈≈≈≈≈≈
#......≈≈≈≈≈≈≈≈##≈≈#'#'#≈)##≈≈≈≈≈
#......≈≈≈≈≈≈≈≈#≈≈##.#)##≈≈#≈≈≈≈≈
#......≈≈))≈≈)##≈#########≈##≈≈≈≈
#......≈≈≈≈≈)≈##@')# o)#)'≈##≈≈≈≈
#......≈≈≈≈≈≈≈##o### 8.###≈##≈≈≈≈
#......≈≈≈≈≈≈≈##≈).# .o#.'≈##≈≈≈≈
#......)≈≈≈≈≈≈##)####o####≈##≈≈≈≈
#......≈≈≈≈≈≈≈≈#≈≈##∩:∩##≈≈##≈≈≈≈
#......≈≈≈≈≈≈≈)##≈≈#'''##≈≈≈≈≈≈≈≈
#......≈≈≈≈≈≈≈≈)##≈≈≈≈≈##≈≈≈≈≈≈≈≈
#......≈≈≈≈≈≈≈≈≈≈##≈≈≈≈##≈≈≈≈≈≈≈≈
#......≈≈#.#≈≈≈≈≈≈#######≈≈≈≈≈≈#.


You could see an orc warrior (frenzied).

Vanquished Creatures
  Erolcha (D:8)
  The ghost of tt080 the Grappler, an experienced CeFi of Okawaru (D:8)
  A hill giant (D:8)
  An orc knight (Bailey)
  Sigmund (D:2)
  Grum (D:8)
  2 soldier ants (D:8)
  2 wolves (D:8)
  Edmund (D:4)
  2 water moccasins
  2 ice beasts
  3 phantoms
  12 orc warriors
  5 ogres
  A spider (D:8)
  2 centaurs
  2 giant frogs
  A big kobold (D:8)
  A wyvern skeleton (D:6)
  7 scorpions
  A water moccasin skeleton (D:9)
  3 crimson imps
  11 orc priests
  A giant frog skeleton (D:5)
  4 jellies
  15 orc wizards
  3 centaur zombies
  Ijyb (D:2)
  3 human zombies (Ossuary)
  2 hounds
  Natasha (thrice) (D:2)
  2 worker ants
  An iguana (D:9)
  2 big kobold zombies (Ossuary)
  4 mummies
  A worker ant zombie (D:8)
  8 gnolls
  3 scorpion zombies (Ossuary)
  3 adders
  A shadow imp (D:5)
  2 oozes (D:3)
  An adder zombie (D:9)
  An adder skeleton (D:6)
  3 worms
  8 giant geckos
  69 orcs
  3 ball pythons
  A bat skeleton (D:4)
  A bat zombie (D:6)
  7 giant cockroaches
  18 hobgoblins
  8 jackals
  7 quokkas
  16 bats
  6 giant newts
  A gnoll zombie (Ossuary)
  11 goblins
  A goblin zombie (Ossuary)
  A hobgoblin zombie (Ossuary)
  21 kobolds
  2 kobold zombies (Ossuary)
  2 orc zombies (Ossuary)
  A quokka zombie (D:5)
  11 rats
323 creatures vanquished.

Vanquished Creatures (others)
  An orc wizard (D:5)
  A giant cockroach (D:4)
2 creatures vanquished.

Grand Total: 325 creatures vanquished

Notes
Turn   | Place    | Note
--------------------------------------------------------------
     0 | D:1      | urechis the Troll Monk began the quest for the Orb.
     0 | D:1      | Reached XP level 1. HP: 22/22 MP: 0/0
   419 | D:1      | Reached XP level 2. HP: 29/29 MP: 1/1
  1029 | D:2      | Reached XP level 3. HP: 36/36 MP: 2/2
  1180 | D:2      | Noticed Natasha
  1186 | D:2      | Killed Natasha
  1186 | D:2      | Reached skill level 5 in Unarmed Combat
  1254 | D:2      | Found an iron altar of Okawaru.
  1379 | D:2      | Noticed Sigmund
  1391 | D:2      | Killed Sigmund
  1391 | D:2      | Reached skill level 6 in Unarmed Combat
  1391 | D:2      | Reached XP level 4. HP: 23/46 MP: 3/3
  1391 | D:2      | Reached XP level 5. HP: 26/53 MP: 4/4
  1529 | D:2      | Noticed Natasha
  1537 | D:2      | Killed Natasha
  1563 | D:2      | Noticed Natasha
  1575 | D:2      | Killed Natasha
  1718 | D:2      | Noticed Ijyb
  1727 | D:2      | Killed Ijyb
  1727 | D:2      | Reached XP level 6. HP: 62/62 MP: 5/5
  1752 | D:2      | Found a faded altar to an unknown god.
  2328 | D:3      | Reached skill level 7 in Unarmed Combat
  2616 | D:4      | Found a sand-covered staircase.
  2625 | Ossuary  | Entered an ossuary
  2687 | Ossuary  | Reached XP level 7. HP: 57/71 MP: 6/6
  2895 | Ossuary  | Reached skill level 8 in Unarmed Combat
  2908 | Ossuary  | Reached skill level 5 in Fighting
  3274 | D:4      | Reached XP level 8. HP: 62/80 MP: 7/7
  3344 | D:4      | Found a sacrificial altar of Ru.
  3347 | D:4      | Found a bloodstained altar of Trog.
  3389 | D:4      | Found a shimmering altar of Xom.
  3511 | D:4      | Noticed Edmund
  3523 | D:4      | Killed Edmund
  3523 | D:4      | Reached skill level 9 in Unarmed Combat
  3722 | D:5      | Entered Level 5 of the Dungeon
  3865 | D:5      | Reached skill level 10 in Unarmed Combat
  4031 | D:5      | Found a staircase to the Ecumenical Temple.
  4036 | Temple   | Entered the Ecumenical Temple
  4557 | D:5      | Reached XP level 9. HP: 89/89 MP: 8/8
  5415 | D:6      | Reached skill level 11 in Unarmed Combat
  5615 | D:6      | Found an ancient bone altar of Kikubaaqudgha.
  5617 | D:6      | Found a blossoming altar of Fedhas.
  5798 | D:7      | Noticed a seven-headed hydra
  5839 | D:8      | Noticed tt080's ghost (experienced CeFi)
  5854 | D:8      | Killed tt080's ghost
  5964 | D:8      | Noticed Erolcha
  5970 | D:8      | Killed Erolcha
  5970 | D:8      | Reached skill level 12 in Unarmed Combat
  5970 | D:8      | Reached XP level 10. HP: 96/104 MP: 9/9
  5991 | D:8      | Found a white marble altar of Elyvilon.
  6025 | D:8      | Noticed a hill giant
  6080 | D:8      | Killed a hill giant
  6489 | D:8      | Noticed Grum
  6500 | D:8      | Killed Grum
  6524 | D:8      | Reached skill level 13 in Unarmed Combat
  7028 | D:8      | Found a stormy altar of Qazlal.
  7247 | D:8      | Found a white marble altar of Elyvilon.
  7248 | D:8      | Found a radiant altar of Vehumet.
  7786 | D:9      | Found a staircase to the Orcish Mines.
  7916 | D:9      | Found a flagged portal.
  7927 | Bailey   | Entered a bailey
  8865 | Bailey   | Noticed an orc knight
  8910 | Bailey   | Killed an orc knight
  8910 | Bailey   | Reached XP level 11. HP: 52/113 MP: 10/10
  8916 | Bailey   | HP: 5/113 [orc warrior/enchanted glaive (1)]
  8920 | Bailey   | Slain by an orc warrior

Vault maps used:
D:1:      wheals_arrival_shading, minivault_11, minivault_27
D:2:      lemuel_crystal_altar, ecumenical_altar_1, uniq_natasha, uniq_sigmund,
          uniq_iyjb
D:3:      first_bread
D:4:      grunt_temple_overflow_diamond, gup_ossuary_entry_pyramid, uniq_edmund
D:5:      temple_statues, corexii_corridor_pit, st_stairs_4, minmay_holes
D:6:      grunt_temple_overflow_growth_and_decay
D:7:      tso_altar, hangedman_minor_gate_pass
D:8:      nicolae_overflow_hidden_temple, basic_altar,
          hangedman_pestilent_swarm, nicolae_qazlal_style_of_elements,
          uniq_grum, uniq_erolcha
D:9:      grunt_temple_overflow_opulence, hiddenorc2_lemuel, enter_bailey_8,
          minmay_misc_feat_chi
Temple:   minmay_temple_bridge_a_8
Ossuary:  ossuary_minmay_scorpions
Bailey:   bailey_polearm_2, bailey

Action                   |  1- 3 |  4- 6 |  7- 9 | 10-12 || total
-------------------------+-------+-------+-------+-------++-------
Melee: Unarmed           |    87 |   128 |   374 |   244 ||   833
 Fire: Arbalest          |       |       |       |    44 ||    44
Throw: Throwing net      |       |       |     1 |       ||     1
       Tomahawk          |       |       |       |    10 ||    10
  Use: Potion            |       |       |       |     1 ||     1
 Stab: Sleeping          |     4 |     2 |     1 |     2 ||     9
       Distracted        |     1 |       |       |     1 ||     2
       Invisible         |       |       |       |     1 ||     1
  Eat: Chunk             |    12 |    12 |    37 |    25 ||    86
       Fruit             |       |       |       |     2 ||     2
